 Dungeon Crawl Stone Soup version 0.25-a0-603-g0321be95db (webtiles) character file.

Game seed: 17041542758192573950, levelgen mode: deterministic

8803 Mehrunes the Grappler (level 11, -2/109 HPs)
             Began as a Troll Monk on Mar 16, 2020.
             Was a High Priest of the Shining One.
             Slain by a yak (16 damage)
             ... on level 10 of the Dungeon.
             The game lasted 00:18:54 (7680 turns).

Mehrunes the Grappler (Troll Monk)                  Turns: 7680, Time: 00:18:54

Health: -2/109     AC:  7    Str: 23    XL:     11   Next: 14%
Magic:  10/10      EV: 14    Int:  6    God:    the Shining One [*****.]
Gold:   402        SH:  0    Dex: 13    Spells: 10/10 levels left

rFire    . . .     SeeInvis .     - Unarmed
rCold    . . .     Gourm    +   (no shield)
rNeg     + + .     Faith    .   a - +0 robe
rPois    .         Spirit   .   (helmet restricted)
rElec    .         Reflect  .   z - +0 cloak
rCorr    .         Harm     .   (gloves unavailable)
MR       .....                  (boots unavailable)
Stlth    +.........             (no amulet)
HPRegen  0.68/turn              (no ring)
MPRegen  0.12/turn              (no ring)

@: glowing
A: large, unfitting armour, claws 3, fast metabolism 3, gourmand, regeneration
1, shaggy fur 1, tough skin 3
a: Divine Shield, Cleansing Flame, Summon Divine Warrior, Renounce Religion


You were on level 10 of the Dungeon.
You worshipped the Shining One.
The Shining One was extremely pleased with you.
You were very full.

You visited 2 branches of the dungeon, and saw 11 of its levels.

You collected 460 gold pieces.
You spent 58 gold pieces at shops.

Inventory:

Hand Weapons
 A - a +0 giant club
 C - a +2 hand axe of flaming
 E - the +7 war axe "Vituetohoa" {vorpal, rC+}
   (You found it on level 8 of the Dungeon)

   It inflicts extra damage upon your enemies.
   It protects you from cold.
 H - a +0 giant spiked club
Missiles
 c - 53 poisoned darts
 s - 4 large rocks (quivered)
 t - 4 javelins
Armour
 a - a +0 robe (worn)
 z - a +0 cloak (worn)
 D - a +0 kite shield
Jewellery
 k - an uncursed ring of poison resistance {unknown}
 r - a +3 ring of dexterity {unknown}
Wands
 y - a wand of acid (14)
 G - a wand of enslavement (13)
 J - a wand of polymorph (7)
Scrolls
 d - 4 scrolls of identify {unknown}
 e - 3 scrolls of fear {unknown}
 f - 7 scrolls of enchant weapon {unknown}
 g - 6 scrolls of remove curse {unknown}
 h - 2 scrolls of fog {unknown}
 i - 5 scrolls of teleportation {unknown}
 j - 3 scrolls of random uselessness {unknown}
 l - a scroll of noise {unknown}
 u - a scroll of amnesia {unknown}
 v - 2 scrolls of magic mapping {unknown}
 w - 2 scrolls of enchant armour {unknown}
 B - a scroll of immolation {unknown}
Potions
 m - a potion of ambrosia {unknown}
 n - a potion of mutation {unknown}
 o - a potion of flight
 q - a potion of magic {unknown}
 x - a potion of lignification {unknown}
 F - a potion of curing {unknown}
Comestibles
 b - 24 rations
 I - 15 chunks of flesh


   Skills:
 + Level 7.4 Fighting
 + Level 8.2 Dodging
 - Level 1.0 Stealth
 * Level 12.3 Unarmed Combat


You had 10 spell levels left.
You didn't know any spells.
Your spell library was empty.

Dungeon Overview and Level Annotations

Branches:
Dungeon (10/15)            Temple (1/1) D:4
   Lair: D:8-11         Orc: D:9-12

Altars:
Ashenzari
Cheibriados
Dithmenos
Elyvilon
Fedhas
Gozag
Hepliaklqana
Kikubaaqudgha
Makhleb
Nemelex Xobeh
Okawaru
Qazlal
Ru
Sif Muna
Trog
Uskayaw
Vehumet
Wu Jian
Xom
Yredelemnul
Zin
The Shining One

Shops:
D:4 *   D:5 [[*=   D:6 !   D:8 *


Innate Abilities, Weirdness & Mutations

You are too large for most types of armour.
You have claws for hands.
Your metabolism is lightning-fast.
You like to eat raw meat.
Your natural rate of healing is unusually fast.
You are covered in fur. (AC +1)
You have extremely tough skin. (AC +3)


Message History

The yak is heavily wounded.
The yak gores you!
* * * LOW HITPOINT WARNING * * *
The yak closely misses you.
You feel much better. The yak gores you!
* * * LOW HITPOINT WARNING * * *
The yak barely misses you.
You mangle the yak!!
You kill the yak!
You claw the yak!
The yak is moderately wounded.
The yak gores you!
* * * LOW HITPOINT WARNING * * *
You barely miss the yak.
The yak is moderately wounded.
The yak misses you.
You claw the yak!
The yak is heavily wounded.
The yak gores you!
You die...

. # ..##############
# ...............# #
...............# #
...............#
############..#....#
...........#..#..[.#
...........#÷.#.@..#
...........#..#†Y..#
...........#..#...[#
..............#....#
..............#....#
...........####....#
...........# #....#
...........# #....#
...........#


You could see a yak.

Vanquished Creatures
  A queen ant (D:10)
  A two-headed ogre (D:9)
  2 polar bears (D:8)
  Grinder (D:4)
  A spriggan (D:7)
  7 yaks
  Grum (D:10)
  A hungry ghost (D:9)
  Menkaure (D:7)
  8 soldier ants (D:10)
  3 sky beasts
  7 ice beasts
  6 phantoms
  2 centaurs
  4 ogres
  8 wolves
  A water moccasin skeleton (D:6)
  2 scorpions
  An electric eel (D:8)
  2 crimson imps
  A jelly (D:9)
  A quasit (D:8)
  11 hounds
  2 orc priests
  A wyvern simulacrum (D:8)
  5 orc wizards
  Jessica (D:3)
  A bullfrog skeleton (D:8)
  6 iguanas
  19 worker ants
  A killer bee zombie (D:10)
  2 centaur simulacra (D:8)
  A hound zombie (D:6)
  A killer bee simulacrum (D:8)
  A howler monkey zombie (D:8)
  Robin (D:4)
  2 worker ant zombies
  12 adders
  A gnoll (D:1)
  A hound simulacrum (D:8)
  2 shadow imps (D:5)
  5 white imps (D:8)
  A worker ant simulacrum (D:8)
  An ufetubus (D:8)
  An ooze (D:2)
  2 worms (D:2)
  A dart slug (D:1)
  An adder simulacrum (D:8)
  5 leopard geckos
  30 orcs
  2 ball pythons
  8 giant cockroaches
  15 goblins
  13 hobgoblins
  5 jackals
  6 kobolds
  7 quokkas
  10 bats
  3 frilled lizards
  11 rats
  A bush (D:7)
261 creatures vanquished.

Notes
Turn   | Place    | Note
-------+----------+-------------------------------------------
     0 | D:1      | Mehrunes the Troll Monk began the quest for the Orb.
     0 | D:1      | Reached XP level 1. HP: 22/22 MP: 0/0
     5 | D:1      | Reached XP level 2. HP: 29/29 MP: 1/1
   601 | D:1      | Reached XP level 3. HP: 36/36 MP: 2/2
  1068 | D:2      | Reached XP level 4. HP: 36/44 MP: 3/3
  1278 | D:2      | Reached skill level 4 in Unarmed Combat
  1296 | D:2      | Found a sacrificial altar of Ru.
  1296 | D:2      | Found a glowing golden altar of the Shining One.
  1296 | D:2      | Found a radiant altar of Vehumet.
  1296 | D:2      | Found a stormy altar of Qazlal.
  1371 | D:2      | Became a worshipper of the Shining One
  1371 | D:2      | Reached * piety under the Shining One
  1371 | D:2      | Reached ** piety under the Shining One
  1704 | D:3      | Reached XP level 5. HP: 50/50 MP: 4/4
  1877 | D:3      | Found a sacrificial altar of Ru.
  1963 | D:3      | Noticed Jessica
  1968 | D:3      | Killed Jessica
  2259 | D:4      | Noticed a phantom
  2263 | D:4      | Noticed Robin
  2289 | D:4      | Killed a phantom
  2289 | D:4      | Reached XP level 6. HP: 59/59 MP: 5/5
  2293 | D:4      | Killed Robin
  2304 | D:4      | Found a bloodstained altar of Trog.
  2312 | D:4      | Found a staircase to the Ecumenical Temple.
  2324 | D:4      | Reached skill level 5 in Unarmed Combat
  2436 | Temple   | Entered the Ecumenical Temple
  2576 | D:4      | Noticed Grinder
  2582 | D:4      | Killed Grinder
  2582 | D:4      | Reached XP level 7. HP: 62/67 MP: 6/6
  2598 | D:4      | Found Keat's Assorted Antiques.
  2665 | D:4      | Reached skill level 6 in Unarmed Combat
  2867 | D:4      | Reached skill level 5 in Dodging
  3022 | D:5      | Entered Level 5 of the Dungeon
  3022 | D:5      | Found Xefit's Armour Shoppe.
  3026 | D:5      | Found Ifferiur's Armour Emporium.
  3034 | D:5      | Found Ulu Dugg's Assorted Antiques.
  3287 | D:5      | Found Wecinise's Jewellery Shop.
  3331 | D:5      | Reached skill level 7 in Unarmed Combat
  3331 | D:5      | Reached XP level 8. HP: 63/78 MP: 7/7
  3605 | D:5      | Found a shadowy altar of Dithmenos.
  4179 | D:6      | Reached *** piety under the Shining One
  4233 | D:6      | Reached skill level 8 in Unarmed Combat
  4507 | D:6      | Found Lidghigg's Distillery.
  4971 | D:7      | Noticed Menkaure
  4975 | D:7      | Killed Menkaure
  4975 | D:7      | Reached skill level 5 in Fighting
  5320 | D:7      | Reached XP level 9. HP: 63/88 MP: 8/8
  5609 | D:8      | Reached skill level 9 in Unarmed Combat
  5840 | D:8      | Got a twisted war axe
  5841 | D:8      | Identified the +7 war axe "Vituetohoa" {vorpal, rC+} (You
                  | found it on level 8 of the Dungeon)
  5852 | D:8      | Reached skill level 10 in Unarmed Combat
  5893 | D:8      | Reached **** piety under the Shining One
  5974 | D:8      | Noticed a polar bear
  5993 | D:8      | Killed a polar bear
  6060 | D:8      | Found Vuikkisch's Assorted Antiques.
  6063 | D:8      | Bought a giant spiked club for 58 gold pieces
  6156 | D:8      | Noticed a polar bear
  6165 | D:8      | Killed a polar bear
  6165 | D:8      | Reached XP level 10. HP: 35/98 MP: 9/9
  6831 | D:9      | Noticed a two-headed ogre
  6835 | D:9      | Killed a two-headed ogre
  6835 | D:9      | Reached skill level 11 in Unarmed Combat
  7075 | D:10     | Entered Level 10 of the Dungeon
  7124 | D:10     | Noticed a queen ant
  7146 | D:10     | Reached ***** piety under the Shining One
  7177 | D:10     | Killed a queen ant
  7324 | D:10     | Reached skill level 12 in Unarmed Combat
  7435 | D:10     | Noticed Grum
  7458 | D:10     | Reached XP level 11. HP: 90/109 MP: 10/10
  7472 | D:10     | Killed Grum
  7680 | D:10     | Slain by a yak

Levels and vault maps discovered:
D:1:      mrwooster_arrival_statue, layout_rooms, serial_co_window_serial,
          co_window_of_opportunity_a, co_window_corner_a, co_window_paths_a,
          co_window_paths_a, co_window_paths_b, co_window_unsneaky_path_e,
          co_window_2corner, co_window_corner_b, co_window_unsneaky_path_d,
          co_window_sun, co_window_paths_e, glass_columns_a, glass_columns_b,
          glass_columns_a, glass_columns_a, glass_columns_a
D:2:      layout_rooms, minitemple, minmay_ruptured
D:3:      layout_loops_cross, eino_tiny_chamber,
          nicolae_ru_sacrificial_ziggurat, uniq_jessica
D:4:      layout_loops_cross, lemuel_doored_altar, minmay_temple_entry_mist,
          serial_shops, shop, first_ration, uniq_robin, uniq_grinder
D:5:      layout_loops_corners, lemuel_coloured_pillars_altar, serial_shops,
          shop, shop, nicolae_shop_stone, shop
D:6:      layout_basic, serial_shops, shop
D:7:      layout_loops_ring, the_bakery, chequers_avenue,
          kb_lookout_dungeons_type, uniq_menkaure
D:8:      layout_loops_ring, serial_shops, nicolae_shop_crystal, serial_ice,
          serial_ice_e, serial_ice_o, serial_ice_h, serial_ice_l, serial_ice_g,
          serial_ice_n, serial_ice_m
D:9:      layout_basic
D:10:     layout_grid_maze, minmay_another_anthill, uniq_grum
Temple:   eino_temple_rhombus

Skill      XL: |  1  2  3  4  5  6  7  8  9 10 |
---------------+-------------------------------+-----
Dodging        | 3 4 5 6 7 8 |  8.2
Unarmed Combat | 4 5 7 8 10 12 | 12.3
Fighting       | 3 4 5 6 7 |  7.4
Stealth        | |  1.0

Action                   |  1- 3 |  4- 6 |  7- 9 | 10-12 || total
-------------------------+-------+-------+-------+-------++-------
Melee: Unarmed           |   112 |   120 |   287 |   188 ||   707
       Punch             |       |     1 |     7 |     8 ||    16
Throw: Large rock        |       |     5 |       |     3 ||     8
Invok: Divine Shield     |       |       |     1 |     1 ||     2
  Use: Potion            |       |       |     1 |     4 ||     5
 Stab: Sleeping          |     2 |       |       |       ||     2
  Eat: Chunk             |    14 |    15 |    33 |    16 ||    78
Armor: Robe              |    59 |    55 |    76 |    28 ||   218
Dodge: Dodged            |    96 |    94 |   147 |   142 ||   479
Block: Other             |       |       |     4 |     1 ||     5

Table legend:
 A = Non-vault XP
 B = Vault XP
 C = Vault XP percentage of total XP
 D = Non-vault monster count
 E = Vault monster count
 F = Vault count percentage of total count
                 A         B        C        D         E       F
            +---------+---------+-------+---------+---------+-------
      Total |    6326 |    6250 |  49.7 |     187 |      73 |  28.1
            +---------+---------+-------+---------+---------+-------
        D:1 |      56 |       0 |   0.0 |      23 |       0 |   0.0
        D:2 |     117 |       6 |   4.9 |      30 |       2 |   6.2
        D:3 |      42 |      37 |  46.8 |      12 |       1 |   7.7
        D:4 |     625 |     300 |  32.4 |      19 |      14 |  42.4
        D:5 |     574 |       0 |   0.0 |      12 |       0 |   0.0
        D:6 |     767 |       0 |   0.0 |      21 |       0 |   0.0
        D:7 |      87 |     507 |  85.4 |       6 |       3 |  33.3
        D:8 |     821 |    2145 |  72.3 |      28 |      25 |  47.2
        D:9 |    1869 |       0 |   0.0 |      16 |       0 |   0.0
       D:10 |    1368 |    3255 |  70.4 |      20 |      28 |  58.3
            +---------+---------+-------+---------+---------+-------
